 Dungeon Crawl Stone Soup version 0.19.1 (webtiles) character file.

203 Malachi the Covert (level 5, -12/35 HPs)
             Began as an Octopode Assassin on Dec 8, 2016.
             Mangled by a crocodile (17 damage)
             ... on level 3 of the Dungeon.
             The game lasted 00:04:07 (2405 turns).

Malachi the Covert (Octopode Assassin)              Turns: 2405, Time: 00:04:08

Health: -12/35     AC:  1    Str: 11    XL:     5   Next: 81%
Magic:  14/14      EV: 13    Int: 13    God:
Gold:   113        SH:  0    Dex: 14    Spells: 0 memorised, 4 levels left

rFire  x . .     SeeInvis .     a - +2 dagger
rCold  + . .     Gourm    .     (no shield)
rNeg   . . .     Faith    .     A - +0 hat
rPois  .         Spirit   .     g - amulet of rage
rElec  .         Reflect  .     l - ring of magical power
rCorr  .         Harm     .     w - ring of stealth
MR     .....                    y - ring of ice
Stlth  ++++++....               (no ring)
                                (no ring)
                                (no ring)
                                (no ring)
                                (no ring)

@: no status effects
A: almost no armour, stealthy swim, amphibious, 8 rings, constrict 8, camouflage
1, gelatinous body 1
a: Evoke Berserk Rage


You were on level 3 of the Dungeon.
You were not hungry.

You visited 1 branch of the dungeon, and saw 3 of its levels.

You collected 113 gold pieces.

Inventory:

Hand Weapons
 a - a +2 dagger (weapon)
 b - a +0 blowgun
Missiles
 c - 23 poisoned needles
 d - 2 curare-tipped needles
Armour
 A - a +0 hat (worn)
Jewellery
 g - an amulet of rage (around mantle)
 l - a ring of magical power (left tentacle)
 w - a ring of stealth (right tentacle)
 y - a ring of ice (on tentacle)
Scrolls
 e - 3 scrolls of identify {unknown}
 h - a scroll of fear {unknown}
 k - a scroll of remove curse {unknown}
 m - a scroll of teleportation {unknown}
 p - a scroll of recharging {unknown}
 v - a scroll of fog {unknown}
 x - a scroll of blinking {unknown}
Potions
 i - a potion of curing {unknown}
 j - a potion of might {unknown}
 o - 3 potions of heal wounds {unknown}
 r - a potion of degeneration {unknown}
 s - 2 potions of invisibility {unknown}
 u - a potion of lignification {unknown}
 z - a potion of flight {unknown}
 B - a potion of haste {unknown}
Comestibles
 f - 2 bread rations
 n - a meat ration
 q - 3 fruits
 t - a royal jelly
 C - a chunk of flesh


   Skills:
 + Level 2.3 Fighting
 + Level 2.5 Short Blades
 + Level 2.1 Throwing
 + Level 2.0 Dodging
 + Level 8.5 Stealth


You had 4 spell levels left.
You didn't know any spells.

Dungeon Overview and Level Annotations

Branches:
Dungeon (3/15)

Altars:
Elyvilon
Qazlal
Xom


Innate Abilities, Weirdness & Mutations

You cannot wear most types of armour.
You are very stealthy in the water. (Stealth+)
You are amphibious.
You can wear up to eight rings at the same time.
You can use your tentacles to constrict eight enemies at once.
Your skin changes colour to match your surroundings (Stealth+).
Your rubbery body absorbs attacks. (AC +1, EV +1)


Message History

The crocodile completely misses you.
You closely miss the crocodile.
The crocodile is heavily wounded.
The crocodile bites you!
You hit the crocodile.
You squeeze the crocodile, but do no damage.
The crocodile is heavily wounded.
The crocodile bites you!
* * * LOW HITPOINT WARNING * * *
You are too injured to fight recklessly!
You are too injured to fight recklessly!
You are too injured to fight recklessly!
You hit the crocodile.
The crocodile is severely wounded.
The crocodile bites you.
* * * LOW HITPOINT WARNING * * *
You hit the crocodile.
The crocodile is severely wounded.
The crocodile bites you!
You die...

#.# #.#
#.# #.#
#.# #.#
#########
#.#
#.tg.....
#.# #@#
#.# #.#
#.# #.#
#.# #.#
#.# #.#
#.# #.#
#.# #.#
#.# #.#
#.# #.#
#.###


You could see a crocodile and a goblin.

Vanquished Creatures
  A centaur (D:3)
  An orc priest (D:3)
  An adder (D:2)
  A worm (D:2)
  3 dart slugs
  A leopard gecko (D:1)
  4 orcs (D:3)
  6 giant cockroaches
  5 hobgoblins
  4 jackals (D:1)
  2 quokkas
  2 ball pythons (D:1)
  9 bats
  5 frilled lizards
  7 goblins
  9 kobolds
  7 rats
68 creatures vanquished.

Notes
Turn   | Place    | Note
-------+----------+-------------------------------------------
     0 | D:1      | Malachi the Octopode Assassin began the quest for the Orb.
     0 | D:1      | Reached XP level 1. HP: 14/14 MP: 1/1
    67 | D:1      | Reached XP level 2. HP: 19/19 MP: 2/2
   182 | D:1      | Reached skill level 6 in Stealth
   632 | D:1      | Reached XP level 3. HP: 24/24 MP: 3/3
  1116 | D:2      | Reached skill level 7 in Stealth
  1138 | D:2      | Reached XP level 4. HP: 25/29 MP: 4/4
  1258 | D:2      | Found a shimmering altar of Xom.
  1494 | D:3      | Found a stormy altar of Qazlal.
  1514 | D:3      | Reached XP level 5. HP: 10/34 MP: 5/5
  1846 | D:3      | Found a white marble altar of Elyvilon.
  1969 | D:3      | Noticed a centaur
  1984 | D:3      | Killed a centaur
  1984 | D:3      | Reached skill level 8 in Stealth
  2389 | D:3      | Noticed a crocodile
  2405 | D:3      | Mangled by a crocodile

Skill      XL: |  1  2  3  4  5 |
---------------+----------------+-----
Stealth        | 6 7 8 |  8.5
Dodging        | 2 |  2.0
Fighting       | |  2.3
Short Blades   | |  2.5
Throwing       | |  2.1

Action                   |  1- 3 |  4- 6 || total
-------------------------+-------+-------++-------
Melee: Dagger            |    75 |    65 ||   140
       Constrict         |    16 |    10 ||    26
       Tentacles         |     9 |     8 ||    17
 Stab: Sleeping          |    18 |     9 ||    27
       Distracted        |       |     1 ||     1
  Eat: Chunk             |       |     5 ||     5
Armor: Skin              |     7 |     1 ||     8
Dodge: Dodged            |    41 |    33 ||    74
